 Dungeon Crawl Stone Soup version 0.31.0-11-ge490571c62 (webtiles) character file.

Game seed: 2869751221912690021

37 Peloso the Trooper (level 3, 33/33 HPs)
             Began as a Minotaur Fighter on Feb 9, 2024.
             Got out of the dungeon alive.
             The game lasted 00:01:48 (760 turns).

Peloso the Trooper (Minotaur Fighter)                Turns: 760, Time: 00:01:49

Health: 33/33      AC:  7    Str: 19 (20) XL:     3   Next: 21%
Magic:  2/2        EV:  9    Int:  4 (5)  God:
Gold:   70         SH:  4    Dex:  8 (11) Spells: 2/2 levels left

rFire   . . .        a - +0 long sword
rCold   . . .        c - +0 buckler
rNeg    . . .        b - +0 scale mail
rPois   .            (helmet restricted)
rElec   .            (no cloak)
rCorr   .            (no gloves)
SInv    .            (no boots)
Will    .....        (no amulet) Stlth
                     (no ring)
HPRegen 0.25/turn    (no ring)
MPRegen 0.08/turn

%: no passive effects
@: no status effects
A: horns 2, retaliatory headbutt
a: no special abilities


You escaped.
You visited 1 branch of the dungeon, and saw 1 of its levels.

You collected 70 gold pieces.

Inventory:

Hand Weapons
 a - a +0 long sword (weapon)
Armour
 b - a +0 scale mail (worn)
 c - a +0 buckler (worn)
Jewellery
 i - a ring of wizardry
Scrolls
 e - 2 scrolls of enchant weapon {unknown}
 f - a scroll of vulnerability {unknown}
 g - a scroll of fear {unknown}
 h - a scroll of immolation {unknown}
Potions
 d - a potion of might


   Skills:
 + Level 4.1 Fighting
 + Level 3.1 Long Blades
 + Level 4.0 Armour
 + Level 4.1 Shields


You had 2 spell levels left.
You didn't know any spells.
Your spell library was empty.

Dungeon Overview and Level Annotations

Branches:
Dungeon (1/15)

Altars:


Innate Abilities, Weirdness & Mutations

You have a pair of horns on your head.
You reflexively headbutt those who attack you in melee.


Message History

The fungus is lightly damaged.
Your unstable footing causes you to fumble your attack.
A nearby fungus withers and dies.
You slash the plant!
The plant begins to die.
You headbutt the plant!
The plant is lightly damaged.
You slash the plant!
The plant begins to die.
You headbutt the plant!
The plant is lightly damaged.
You hit the plant.
The plant begins to die.
The plant is lightly damaged.
A nearby plant withers and dies.
You hit the fungus.
The fungus begins to die.
The fungus is lightly damaged.
A nearby plant withers and dies.
You enter the shallow water.
Moving in this stuff is going to be slow.
A nearby plant withers and dies.
A nearby fungus withers and dies.
You slash the fungus!
The fungus begins to die.
The fungus is lightly damaged.
You hit the plant.
The plant begins to die.
You headbutt the plant!
The plant is lightly damaged.
You slash the plant!
The plant begins to die.
The plant is lightly damaged.
You hit the plant.
The plant begins to die.
The plant is lightly damaged.
A nearby fungus withers and dies.
Done exploring.
Done exploring.
Done exploring.
Done exploring.
It was a potion of degeneration.
There was something very wrong with that liquid.
You feel weakened.
You feel dopey.
You feel clumsy.
A nearby plant withers and dies.
What level of the Dungeon? (default 1, ? - help)
A nearby plant withers and dies.
You enter the shallow water.
Moving in this stuff is going to be slow.
A nearby plant withers and dies.
There is a staircase leading out of the dungeon here.
You have escaped!

.........##...............## #.>.
.........######.#..........###...
.................................
...........................###...
.........####...............##...
...............##########...##...
...............#........#........
##########..##.#.##.....#..###.#.
# #...#..#@.#.....#..# #.## #
#...#..##.#.##..#†)# #.## ##
#...#.....#.>#..#..#####. .##
##...#.....##.#.##†...##.8 ..#
###....#........#.......#...
#.####...#..##########.#...#.+...
#.##...###.............#.#####...
#.##.#####.....##.####...# ###.8
#........#####........#.## ##.##.


There were no monsters in sight!

Vanquished Creatures
  3 dart slugs (D:1)
  2 bats (D:1)
  6 endoplasms (D:1)
  2 giant cockroaches (D:1)
  A goblin (D:1)
  A hobgoblin (D:1)
  2 jackals (D:1)
  5 frilled lizards (D:1)
  3 kobolds (D:1)
  3 rats (D:1)
28 creatures vanquished.

Notes
Turn   | Place    | Note
-------+----------+-------------------------------------------
     0 | D:1      | Peloso the Minotaur Fighter began the quest for the Orb.
     0 | D:1      | Reached XP level 1. HP: 19/19 MP: 0/0
   155 | D:1      | Reached XP level 2. HP: 21/27 MP: 1/1
   482 | D:1      | Reached XP level 3. HP: 33/33 MP: 2/2
   694 | D:1      | Found a faded altar of an unknown god.
   760 | D:$      | Got out of the dungeon alive.

Illustrated notes

Levels and vault maps discovered:
D:1:      ebering_trefoil_twist, layout_rooms,
          shapermc_ecumenical_altar_hornbeckon, chequers_serial_rivers_small_a,
          dk_noncrumbling_3, minmay_pentomino_w4

Skill      XL: |  1  2 |
---------------+-------+-----
Fighting       | 4 |  4.1
Armour         | 4 |  4.0
Shields        | 4 |  4.1
Long Blades    | 3 |  3.1

Action                     || total
---------------------------++-------
  Melee: Long sword        ||    79
         Headbutt          ||    15
    Use: Potion            ||     4
 Armour: Scale mail        ||    45
  Dodge: Dodged            ||    29
  Block: Buckler           ||    15
